[Event "*** Titled Tuesday Blitz"]
[Site "Chess.com"]
[Date "2020.05.12"]
[Round "6"]
[White "yamalchess"]
[Black "Pintacara"]
[Result "1-0"]
[WhiteElo "2500"]
[BlackElo "2305"]
[TimeControl "180+1"]
[EndTime "11:05:53 PDT"]
[Termination "yamalchess won on time"]

1. d4 d5 2. c4 e6 3. Nc3 Nf6 4.
Bg5 Nbd7 5. e3 c6 6. Nf3 Be7 7. Bd3 b6 8. O-O Bb7 9. cxd5 exd5 10.
Ne5 O-O 11. f4 Ne8 12. Bxh7+ Kxh7 13. Qh5+ Kg8 14. Rf3 Nxe5 15. Rh3 f6 16. fxe5 Bc8 17. Rh4 fxg5 18. Qh7+ Kf7 19. Rh6 Nf6 20. Rf1 Ke8 21.
Qxg7 Ng8 22. Rxc6 Kd7 23. Rd6+ Kc7 24. Nxd5+ 1-0

[Event "*** Titled Tuesday Blitz"]
[Site "Chess.com"]
[Date "2020.05.12"]
[Round "6"]
[White "venus02"]
[Black "bmt011"]
[Result "0-1"]
[WhiteElo "2279"]
[BlackElo "2084"]
[TimeControl "180+1"]
[EndTime "11:05:53 PDT"]
[Termination "bmt011 won by resignation"]

1. d4 Nf6 2. c4 e6 3. Nc3 Bb4 4. e3 O-O 5. Ne2 d5 6. a3 Be7 7.
cxd5 exd5 8. g3 b6 9. Bg2 Bb7 10.
O-O Bd6 11. Nf4 Bxf4 12. gxf4 Re8 13. Kh1 Nbd7 14. Rg1 Nf8 15. Bh3 Ng6 16. f5 Nf8 17.
Bd2 c5 18. Ne2 Ne4 19. Be1 Qh4 20. Nf4 Nxf2+ 21. Bxf2 Qxf2 22. Qg4 g6 23. f6 Bc8 24. Qg5 Bxh3 25. Rg3 Bf5 26. Qh6 Be4+ 27. Ng2 Qxf6 28. Kg1 Bxg2 29. Rxg2 cxd4 30. Rf1 Qe5 31. h4 Qxe3+ 32.
Qxe3 dxe3 0-1

[Event "*** Titled Tuesday Blitz"]
[Site "Chess.com"]
[Date "2020.05.12"]
[Round "6"]
[White "ChessBitl"]
[Black "Mazanchenko_Dmitry"]
[Result "1-0"]
[WhiteElo "2306"]
[BlackElo "2125"]
[TimeControl "180+1"]
[EndTime "11:05:54 PDT"]
[Termination "ChessBitl won on time"]

1. e4 c5 2. Nf3 d6 3. d4 Nf6 4. Nc3 cxd4 5. Nxd4 g6 6. f3 Bg7 7.
Be3 O-O 8. Bc4 Nc6 9. Bb3 Bd7 10.
Qd2 Qa5 11. O-O-O Rfc8 12. Kb1 Ne5 13. g4 Rab8 14. h4 b5 15. h5 Rc4 16. hxg6 fxg6 17. g5 Nh5 18. f4 Ng4 19. Qe2 Nxe3 20. Qxe3 Kh8 21. Bxc4 bxc4 22. Ka1 Nxf4 23. Qxf4 Qb4 24. Qc1 Bg4 25. Rd2 Rb7 26. Nd5 Qa5 27. c3 e5 28.
Nc6 Qb5 29. Nce7 Bf3 30. Nxg6+ Kg8 31. Nde7+ Kf7 32. Rf1 hxg6 33. Nd5 Kg8 34. Rxf3 a5 35. Nf6+ Bxf6 36. gxf6 Kf7 37. Rxd6 a4 38. Rd5 Qc6 39.
a3 Rb3 40. Rh3 Kxf6 41. Rf3+ Kg7 42. Qg5 Qc7 43. Qf6+ 1-0

[Event "*** Titled Tuesday Blitz"]
[Site "Chess.com"]
[Date "2020.05.12"]
[Round "6"]
[White "shnitez"]
[Black "baby_leo"]
[Result "1-0"]
[WhiteElo "2411"]
[BlackElo "2074"]
[TimeControl "180+1"]
[EndTime "11:05:54 PDT"]
[Termination "shnitez won on time"]

1. e4 c6 2. d4 d5 3. e5 Bf5 4. h4 h6 5. g4 Bd7 6. Be3 e6 7. Nd2 Be7 8. Ngf3 Na6 9. Bxa6 bxa6 10.
Nb3 Rb8 11. Qd3 Bc8 12. Rb1 a5 13. Kf1 Rb5 14. Kg2 Ba6 15. Qd2 a4 16. Nc5 Bxc5 17.
dxc5 Ne7 18. b4 axb3 19. axb3 h5 20. Nd4 Ra5 21. Ra1 Rxa1 22. Rxa1 Bb5 23. Rxa7 hxg4 24.
Bg5 f6 25. exf6 gxf6 26. Bxf6 Rh7 27. Qg5 1-0

[Event "*** Titled Tuesday Blitz"]
[Site "Chess.com"]
[Date "2020.05.12"]
[Round "6"]
[White "Gerodot71"]
[Black "Sven_Tica"]
[Result "0-1"]
[WhiteElo "2388"]
[BlackElo "2646"]
[TimeControl "180+1"]
[EndTime "11:05:55 PDT"]
[Termination "Sven_Tica won by resignation"]

1. d4 d5 2. c4 e6 3. Nf3 Nf6 4. g3 Be7 5. Bg2 O-O 6. O-O dxc4 7. Qc2 b5 8. Ne5 Qxd4 9. Bxa8 Qxe5 10. Bg2 Nd5 11.
Nc3 c6 12. Nxd5 exd5 13. Bf4 Bf5 14. Bxe5 Bxc2 15. Rac1 Bg6 16. b3 Nd7 17. Bb2 Nb6 18. Rfe1 Bc5 19. e4 d4 20. b4 Bxb4 21. Bxd4 Bxe1 22.
Rxe1 Rd8 23. Bc3 Na4 24. Ba5 Rd7 25. f4 Bh5 26. e5 Rd1 27. Rxd1 Bxd1 28. Bxc6 c3 29.
Bxb5 c2 30. Bd2 Nc3 31. Bc4 Be2 32. Bb3 Ne4 33. Be3 Bd3 34. Kg2 Kf8 35. Kf3 f5 36.
exf6 gxf6 37. Bc1 Ke8 38. Ke3 Nc5 39. Kd4 Nxb3+ 40. axb3 Bf5 41. Kc3 Kd7 42. Kd4 Ke6 43. Be3 a6 44. Kc3 Kd5 45. Kd2 Ke4 46. Ke2 Bg4+ 47.
Kf2 Kd3 48. Bc1 Kc3 49. Ke3 Kxb3 50. Kd2 a5 51. Kd3 a4 52. Kd2 Bf5 53. h3 Bxh3 0-1

[Event "*** Titled Tuesday Blitz"]
[Site "Chess.com"]
[Date "2020.05.12"]
[Round "6"]
[White "Nastya_Rakhmangulova"]
[Black "Jbd735"]
[Result "0-1"]
[WhiteElo "2282"]
[BlackElo "2443"]
[TimeControl "180+1"]
[EndTime "11:05:55 PDT"]
[Termination "Jbd735 won by resignation"]

1. e4 e5 2. Nf3 Nc6 3. c3 d5 4. Qa4 f6 5. Bb5 Ne7 6. exd5 Qxd5 7. O-O Bd7 8. d4 e4 9. Nfd2 f5 10. Re1 O-O-O 11. f3 exf3 12. Nxf3 Ng6 13. c4 Qf7 14. d5 Bc5+ 15. Be3 Bxe3+ 16. Rxe3 Nb8 17. Bxd7+ Rxd7 18. Qxa7 Re8 19. Nc3 Rde7 20. Rae1 Nf4 21. Rxe7 Rxe7 22. Rxe7 Qxe7 23. Qd4 Ng6 24. Nb5 Nd7 25.
d6 cxd6 26. Nxd6+ Kb8 27. Nxf5 Qf7 28. Nxg7 Nf4 29. Ng5 Ne2+ 30. Kh1 Qf1+ 0-1

[Event "*** Titled Tuesday Blitz"]
[Site "Chess.com"]
[Date "2020.05.12"]
[Round "6"]
[White "Keks2017"]
[Black "martabartel"]
[Result "1/2-1/2"]
[WhiteElo "2445"]
[BlackElo "2292"]
[TimeControl "180+1"]
[EndTime "11:05:56 PDT"]
[Termination "Game drawn by repetition"]

1. g3 d5 2. Bg2 Nf6 3. d3 c5 4. Nf3 Nc6 5. O-O Bg4 6. Nbd2 e6 7. e4 Be7 8. c3 Qc7 9. Re1 O-O 10. h3 Bh5 11. Qc2 Rfd8 12. Nf1 dxe4 13. dxe4 b5 14. Bf4 Qb6 15. g4 Bg6 16. Ng3 h6 17. Be3 Qc7 18.
Rad1 a6 19. Nh2 Bd6 20. Nhf1 Rac8 21. b3 Nd5 22. Bc1 Nf4 23. Be3 Nxg2 24. Kxg2 Bf4 25. Qc1 Bxe3 26. Qxe3 c4 27. f4 cxb3 28. axb3 Na5 29. Rxd8+ Rxd8 30. Nd2 Qd7 31. Ngf1 f6 32. b4 Nc4 33. Nxc4 bxc4 34. Qc5 Qd3 35. Qe3 Qxe3 36. Rxe3 Rd1 37. Ng3 Kf8 38. Kf3 Be8 39. Ne2 e5 40. fxe5 fxe5 41. Ng3 g6 42. Ke2 Rg1 43. Kf2 Rd1 44. Ke2 Rg1 45. Kf2 Rd1 46. Ke2 1/2-1/2

[Event "*** Titled Tuesday Blitz"]
[Site "Chess.com"]
[Date "2020.05.12"]
[Round "6"]
[White "nitpicker"]
[Black "AustrianFalcon"]
[Result "1/2-1/2"]
[WhiteElo "2268"]
[BlackElo "2434"]
[TimeControl "180+1"]
[EndTime "11:05:56 PDT"]
[Termination "Game drawn by agreement"]

1. d4 g6 2. e4 Bg7 3. Nc3 d6 4. h3 a6 5. a4 Nf6 6. Nge2 O-O 7. g4 Nc6 8. Be3 e5 9. Bg2 exd4 10. Nxd4 Nxd4 11.
Bxd4 Bd7 12. O-O c5 13. Be3 Bc6 14. Qd3 Re8 15. Rad1 Qe7 16. Qxd6 Nxe4 17. Qxe7 Rxe7 18. Bxe4 Bxe4 19. Bxc5 Ree8 20. Nxe4 Rxe4 21. a5 Bxb2 22. Rb1 Rc8 23. Be3 Rxc2 24. Rfd1 Rb4 25. Bh6 Rd4 26. Rxd4 Bxd4 27. Rxb7 f5 28. Be3 Bxe3 29. fxe3 fxg4 30. hxg4 Rc5 31. Kf2 Rxa5 32. Ra7 Ra1 33. Kf3 a5 34. g5 a4 35. Ke4 a3 36. Ke5 a2 37. Ke6 Re1 38. Ra8+ Kg7 39. Ra7+ Kf8 40. Ra8+ Kg7 41. Ra7+ 1/2-1/2

[Event "*** Titled Tuesday Blitz"]
[Site "Chess.com"]
[Date "2020.05.12"]
[Round "6"]
[White "LittlePeasant"]
[Black "vladislavkovalev"]
[Result "1-0"]
[WhiteElo "2787"]
[BlackElo "2903"]
[TimeControl "180+1"]
[EndTime "11:05:58 PDT"]
[Termination "LittlePeasant won by resignation"]

1. Nf3 Nf6 2. c4 e6 3. b3 d5 4. g3 Be7 5. Bg2 O-O 6. O-O b6 7. Bb2 Bb7 8. e3 dxc4 9. bxc4 c5 10. Qe2 Nc6 11. Nc3 a6 12. Rab1 Qc7 13. Ba1 Rab8 14. Ne1 Rfd8 15. f4 Ne8 16. f5 Bf6 17. fxe6 fxe6 18.
d3 Na7 19. Bxb7 Rxb7 20. Ne4 Bxa1 21. Rxa1 Nd6 22. Qf3 Nxe4 23. Qxe4 Qc6 24. Qf4 Qe8 25. Rb1 b5 26. Nf3 Nc6 27. Qe4 h6 28. Ne5 Rc8 29.
Ng6 Qd7 30. Rb2 Rbb8 31. Rbf2 Nb4 32. Ne5 Qb7 33. Qg6 Qc7 34. Qxe6+ Kh7 35. Rf7 1-0

[Event "*** Titled Tuesday Blitz"]
[Site "Chess.com"]
[Date "2020.05.12"]
[Round "6"]
[White "babyking1205"]
[Black "Man-Chuk"]
[Result "0-1"]
[WhiteElo "2485"]
[BlackElo "2719"]
[TimeControl "180+1"]
[EndTime "11:05:58 PDT"]
[Termination "Man-Chuk won by resignation"]

1. e4 c6 2. d4 d5 3. exd5 cxd5 4. Bd3 Nc6 5. c3 Nf6 6. Bf4 Bg4 7. Qb3 Qd7 8. Nd2 e6 9. Ngf3 Bxf3 10. Nxf3 Bd6 11.
Bxd6 Qxd6 12. Qxb7 Rb8 13. Qa6 O-O 14. Rb1 Rb6 15. Qa4 e5 16. Bb5 e4 17. Nd2 Ne7 18. O-O Ng4 19. g3 Qh6 20. h4 Qxd2 21.
Qxa7 Rf6 22. Rbd1 Qxb2 23. Rb1 Qxc3 24. Qxe7 Qxd4 25. Rbd1 Qb6 26. Be2 Rxf2 27. Bxg4 Rxa2+ 28. Kh1 Qb2 29. Rd2 Qxd2 30. Qxf7+ Rxf7 0-1

[Event "*** Titled Tuesday Blitz"]
[Site "Chess.com"]
[Date "2020.05.12"]
[Round "6"]
[White "cukus"]
[Black "Kobalia"]
[Result "0-1"]
[WhiteElo "2508"]
[BlackElo "2780"]
[TimeControl "180+1"]
[EndTime "11:05:58 PDT"]
[Termination "Kobalia won on time"]

1. e4 c5 2. Nf3 d6 3. d4 cxd4 4.
Nxd4 Nf6 5. Nc3 a6 6. Be3 e5 7. Nb3 Be7 8. f3 Be6 9. Qd2 O-O 10. O-O-O Nbd7 11. g4 b5 12. g5 Nh5 13. Nd5 Bxd5 14.
exd5 f6 15. g6 hxg6 16. Na5 Qe8 17. Kb1 f5 18. Rc1 Bd8 19. Nc6 Bb6 20. c4 bxc4 21. Bxc4 Bxe3 22. Qxe3 Nf4 23. Rhg1 a5 24. h4 a4 25. Rg5 Kh7 26. Ka1 Nf6 27. Qd2 Qf7 28.
Rg3 N4h5 29. Rg5 e4 30. f4 a3 31. b3 Ng4 32. Nd4 Qf6 33. Qc3 Nxf4 34. Rg1 Nh3 35. Rh1 Nhf2 36. Rf1 e3 37. Rxg4 fxg4 38. Qxe3 Rae8 0-1

[Event "*** Titled Tuesday Blitz"]
[Site "Chess.com"]
[Date "2020.05.12"]
[Round "6"]
[White "quesfr"]
[Black "MasterKroket"]
[Result "1/2-1/2"]
[WhiteElo "2285"]
[BlackElo "2428"]
[TimeControl "180+1"]
[EndTime "11:05:58 PDT"]
[Termination "Game drawn by repetition"]

1. e4 c5 2. c3 Nf6 3. e5 Nd5 4. Nf3 Nc6 5. Bc4 Nb6 6. Bb3 d5 7. exd6 Qxd6 8. Na3 Be6 9. d4 cxd4 10. Nb5 Qd7 11. Nbxd4 Nxd4 12. Nxd4 Bxb3 13. Qxb3 e5 14. Nf3 f6 15. O-O O-O-O 16. Be3 Qc6 17. a4 Nc4 18. Bxa7 g5 19. Rfd1 Be7 20. a5 g4 21. Ne1 Rxd1 22. Rxd1 h5 23. Nd3 h4 24. Nb4 Bxb4 25. cxb4 h3 26. f3 gxf3 27. Rc1 Rh4 28. Qxf3 Qxf3 29.
gxf3 Kd7 30. Bf2 Rf4 31. Bg3 Rd4 32. Bf2 Rf4 33. Bg3 Rd4 34. Bf2 Rf4 1/2-1/2

[Event "*** Titled Tuesday Blitz"]
[Site "Chess.com"]
[Date "2020.05.12"]
[Round "6"]
[White "silverback96"]
[Black "MichailovM"]
[Result "1-0"]
[WhiteElo "2249"]
[BlackElo "2395"]
[TimeControl "180+1"]
[EndTime "11:05:58 PDT"]
[Termination "silverback96 won by resignation"]

1. Nf3 Nf6 2. g3 g6 3. Bg2 Bg7 4. d4 O-O 5. O-O d6 6. a4 Na6 7. Re1 c5 8. d5 Bf5 9. Nc3 Nb4 10.
e4 Bg4 11. h3 Bxf3 12. Bxf3 Nd7 13. Bg2 Qa5 14. Bg5 Rfe8 15. h4 Ne5 16. Bf1 a6 17.
h5 Qc7 18. h6 Bh8 19. Be3 e6 20. Kg2 exd5 21. Nxd5 Nxd5 22. Qxd5 Ng4 23. Bc1 Re5 24. Qd3 Rh5 25. Be2 Qd7 26. Bf4 Rh2+ 27. Kg1 Nxf2 28.
Qf3 Qh3 29. Bf1 Rh1+ 30. Kxf2 Bd4+ 31. Be3 Rh2+ 32. Kg1 Qxg3+ 1-0

[Event "*** Titled Tuesday Blitz"]
[Site "Chess.com"]
[Date "2020.05.12"]
[Round "6"]
[White "GodDMuhammad"]
[Black "csati17"]
[Result "0-1"]
[WhiteElo "2284"]
[BlackElo "2540"]
[TimeControl "180+1"]
[EndTime "11:05:59 PDT"]
[Termination "csati17 won by resignation"]

1. f4 b6 2. d3 Bb7 3. Nd2 g6 4.
Ngf3 Bg7 5. g3 d6 6. Bg2 Nd7 7. c3 c5 8. O-O Qc7 9. Qc2 h5 10. h3 Nh6 11. e4 Ng8 12. Rf2 e5 13. Nc4 b5 14. Na3 a6 15. fxe5 dxe5 16. Be3 Ngf6 17. Raf1 c4 18. dxc4 Nxe4 19. cxb5 Nxf2 20. Qxf2 O-O 21. b6 Qd6 22. c4 e4 23. c5 Qe7 24.
Ng5 Rac8 25. b4 Ne5 26. Nxe4 Nd3 27. Qf3 Rce8 28. Bd2 Bxe4 29. Qxe4 Qxe4 30. Bxe4 Rxe4 31. c6 Bd4+ 32. Be3 Bxe3+ 33. Kg2 Bxb6 34. Kf3 Re3+ 35. Kg2 Rc8 36. Nc4 Rxc6 37. Nxe3 Bxe3 38. Rf3 Ne1+ 39. Kf1 Nxf3 40. Ke2 0-1

[Event "*** Titled Tuesday Blitz"]
[Site "Chess.com"]
[Date "2020.05.12"]
[Round "6"]
[White "zivicd"]
[Black "Kapibara_Warri0r"]
[Result "1-0"]
[WhiteElo "2261"]
[BlackElo "2058"]
[TimeControl "180+1"]
[EndTime "11:05:59 PDT"]
[Termination "zivicd won by resignation"]

1. e4 e5 2. Nf3 Nc6 3. d4 exd4 4. Nxd4 Nf6 5. Nxc6 bxc6 6. e5 Qe7 7. Qe2 Nd5 8.
h4 a5 9. c4 Nb6 10. Nc3 a4 11. Bg5 Qc5 12. O-O-O Ba6 13. Qg4 h6 14. Be3 Qe7 15. c5 Nc8 16. Qxa4 Bb7 17. Qb4 Ra7 18. f4 g6 19. Ne4 Bg7 20. Nd6+ cxd6 21. cxd6 Qe6 22.
Bc4 Qf5 23. Bxa7 Qxf4+ 24. Kb1 Nxa7 25. Rhf1 Qe4+ 26. Ka1 O-O 27. Qxb7 Nb5 28. Bxb5 cxb5 29. Qxe4 1-0

[Event "*** Titled Tuesday Blitz"]
[Site "Chess.com"]
[Date "2020.05.12"]
[Round "6"]
[White "Gabrielian_Artur"]
[Black "ENEASZ"]
[Result "0-1"]
[WhiteElo "2704"]
[BlackElo "2510"]
[TimeControl "180+1"]
[EndTime "11:06:00 PDT"]
[Termination "ENEASZ won on time"]

1. e4 d6 2. d4 Nf6 3. Nc3 e5 4. Nf3 Nbd7 5. Bc4 Be7 6. O-O O-O 7. a4 c6 8. Re1 b6 9. d5 cxd5 10. Nxd5 Bb7 11. Nxe7+ Qxe7 12. Nh4 Bxe4 13. Rxe4 Nxe4 14. Nf5 Qf6 15. Qg4 Nxf2 16. Kxf2 g6 17. Ra3 Qxf5+ 18.
Qxf5 gxf5 19. Bh6 Nf6 20. h3 Ne4+ 21. Kg1 Rfc8 22. Bd5 Kh8 23. Bxf7 Rxc2 24. Rf3 Rg8 25. Bxg8 Kxg8 26. b3 f4 27. h4 Ng3 0-1

[Event "*** Titled Tuesday Blitz"]
[Site "Chess.com"]
[Date "2020.05.12"]
[Round "6"]
[White "SCIM"]
[Black "Piotrek1979"]
[Result "0-1"]
[WhiteElo "2539"]
[BlackElo "2361"]
[TimeControl "180+1"]
[EndTime "11:06:01 PDT"]
[Termination "Piotrek1979 won on time"]

1. d4 Nf6 2. c4 c5 3. d5 e5 4. Nc3 d6 5. e4 Be7 6. Nf3 Nbd7 7. g3 a6 8. Bg2 Rb8 9. a4 O-O 10. O-O Ne8 11. Be3 Nc7 12. Qd2 b5 13. axb5 axb5 14. cxb5 Nxb5 15. Nxb5 Rxb5 16. Rfb1 Qb6 17.
Bf1 Rb4 18. Bd3 f5 19. Qc2 fxe4 20. Bxe4 Nf6 21. Bf5 Nxd5 22. Bxh7+ Kh8 23. Be4 Nxe3 24. fxe3 Rxe4 25. Qxe4 Bb7 26. Qg6 Bxf3 27. Qe6 c4 28. Qh3+ Kg8 29. Qe6+ Kh7 30. Qh3+ Kg6 31. Re1 Bg5 32.
Ra3 Qxb2 33. Ra6 Qd2 0-1

[Event "*** Titled Tuesday Blitz"]
[Site "Chess.com"]
[Date "2020.05.12"]
[Round "6"]
[White "Onischuk_V"]
[Black "Hikaru"]
[Result "0-1"]
[WhiteElo "2821"]
[BlackElo "3242"]
[TimeControl "180+1"]
[EndTime "11:06:02 PDT"]
[Termination "Hikaru won by resignation"]

1. e4 c6 2. d4 d5 3. e5 Bf5 4.
Nc3 e6 5. g4 Bg6 6. Nge2 f6 7.
h4 fxe5 8. h5 Bf7 9. dxe5 Nd7 10. f4 Bc5 11. Qd3 Ne7 12. Be3 Bxe3 13. Qxe3 Qb6 14.
Qd2 h6 15. O-O-O O-O-O 16. Nd4 Kb8 17. Nf3 c5 18. Nb5 Nc8 19. f5 d4 20. Qf4 a6 21.
Na3 Qc7 22. Nc4 Ndb6 23. Nxb6 Nxb6 24. Bg2 Nd5 25. Qe4 Ne3 26. Rd2 exf5 27. gxf5 Bd5 28. Qf4 Rhe8 29. Re1 Bxf3 30. Qxf3 Rxe5 31. f6 gxf6 32.
Qxf6 Ng4 33. Qf1 Rxe1+ 34. Qxe1 Ne3 35. Qh4 Rg8 36. Bf3 Rg1+ 37. Bd1 Ka7 38. c3 dxc3 39.
bxc3 Qa5 0-1

[Event "*** Titled Tuesday Blitz"]
[Site "Chess.com"]
[Date "2020.05.12"]
[Round "6"]
[White "kleinebeer98"]
[Black "chessablanca"]
[Result "1-0"]
[WhiteElo "2661"]
[BlackElo "2472"]
[TimeControl "180+1"]
[EndTime "11:06:02 PDT"]
[Termination "kleinebeer98 won on time"]

1. e4 e5 2. Nf3 Nc6 3. Nc3 Nf6 4. a3 Be7 5. d4 d6 6. Bb5 exd4 7. Nxd4 Bd7 8.
Nxc6 Bxc6 9. Bxc6+ bxc6 10. O-O O-O 11. b3 d5 12. exd5 cxd5 13. Bb2 c6 14. Qf3 Bd6 15.
Rad1 Qc7 16. h3 Rfe8 17. Rfe1 Be5 18. Qf5 Bxc3 19. Bxc3 Ne4 20. Bd4 g6 21. Qf3 f5 22.
Ba1 Rad8 23. Qd3 c5 24. f3 Ng5 25. Rxe8+ Rxe8 26. Qxd5+ Nf7 27. Qc4 Kf8 28. Qc3 Re6 29. Qg7+ Ke7 30. Qxh7 Qf4 31. Qg7 Qe3+ 32. Kh1 Qe2 33.
Rg1 Qxc2 34. b4 cxb4 35. axb4 Qb3 36. Bd4 Qxb4 37. Bxa7 Qh4 38. Bc5+ 1-0

[Event "*** Titled Tuesday Blitz"]
[Site "Chess.com"]
[Date "2020.05.12"]
[Round "6"]
[White "Zarikovs1999"]
[Black "GianmarcoVaR"]
[Result "1-0"]
[WhiteElo "2394"]
[BlackElo "2543"]
[TimeControl "180+1"]
[EndTime "11:06:02 PDT"]
[Termination "Zarikovs1999 won by resignation"]

1. Nf3 Nf6 2. c4 b6 3. g3 Bb7 4. Bg2 c5 5. O-O g6 6. Nc3 Bg7 7. d4 cxd4 8. Qxd4 d6 9. Bg5 Nbd7 10. Rac1 Rc8 11. b3 O-O 12. Qd2 Re8 13. Rfe1 a6 14. e4 b5 15. cxb5 axb5 16. Nxb5 Nxe4 17. Qe3 Nxg5 18. Nxg5 Bxg2 19. Rxc8 Qxc8 20. Nxd6 Qc6 21. Nxe8 Ne5 22. Nxg7 f6 23. f4 Kxg7 24. Ne6+ Qxe6 25. fxe5 Qd5 26. exf6+ exf6 27. Qe7+ Kh6 28. Qxf6 Be4 29. Qf4+ g5 30. Qxe4 Qxe4 31. Rxe4 1-0

[Event "*** Titled Tuesday Blitz"]
[Site "Chess.com"]
[Date "2020.05.12"]
[Round "6"]
[White "MFBerna"]
[Black "AlanZhang"]
[Result "1-0"]
[WhiteElo "2384"]
[BlackElo "2175"]
[TimeControl "180+1"]
[EndTime "11:06:02 PDT"]
[Termination "MFBerna won on time"]

1. e4 e5 2. Nf3 Nc6 3. Bb5 a6 4. Ba4 Nf6 5. O-O Be7 6. Re1 b5 7.
Bb3 d6 8. c3 O-O 9. h3 Na5 10.
Bc2 c5 11. d4 cxd4 12. cxd4 Qc7 13. Nbd2 Nc6 14. Nb3 a5 15. d5 Nb4 16. Bb1 a4 17.
Nbd2 Bd7 18. a3 Na6 19. Nf1 Rfc8 20. Be3 Bf8 21. Ng3 b4 22. Nd2 bxa3 23. Rxa3 Qb7 24. b3 Qb4 25. Ra2 Nc5 26. bxa4 Nxa4 27. Qf3 Nc3 28.
Rxa8 Rxa8 29. Bd3 Be7 30. Rc1 Bd8 31. Nc4 Na2 32. Rb1 Qc3 33. Bf1 Bc7 34. Rb7 Bc8 35.
Rxc7 Ba6 36. Nf5 Qxc4 37. Bxc4 1-0

[Event "*** Titled Tuesday Blitz"]
[Site "Chess.com"]
[Date "2020.05.12"]
[Round "6"]
[White "Chuchofrio1"]
[Black "ShieldingOff"]
[Result "0-1"]
[WhiteElo "2224"]
[BlackElo "2040"]
[TimeControl "180+1"]
[EndTime "11:06:02 PDT"]
[Termination "ShieldingOff won by resignation"]

1. e4 c5 2. Nc3 Nc6 3. Bb5 e6 4. Bxc6 bxc6 5. f4 d5 6. Nf3 Be7 7. d3 Nf6 8. e5 Nd7 9. O-O O-O 10.
Qe1 f6 11. exf6 Nxf6 12. Ng5 Qd6 13. Bd2 h6 14. Nf3 Nh5 15. Ne5 Nf6 16. Qg3 Ne8 17. Ng6 Rf7 18. Nxe7+ Qxe7 19. f5 exf5 20. Bxh6 Nd6 21.
Rae1 Qf8 22. Bf4 Ne8 23. Qg6 Bd7 24. Rf3 Nf6 25. Rh3 Re8 26. Rf1 Rfe7 27. Bd6 Qf7 28. Qg3 Re3 29. Qxe3 Rxe3 30. Rxe3 Be6 31. Bxc5 Ng4 32.
Rg3 Qh5 33. h3 Nf6 34. Be7 Kf7 35. Bxf6 Kxf6 36. Rgf3 d4 37. Ne2 c5 38. Nf4 Qh6 39. Re1 Bf7 40. Kf2 g5 41. Ne2 Qh4+ 42. Kg1 Qxe1+ 43. Kh2 Qxe2 44. Kg3 f4+ 45. Kg4 Qxg2+ 0-1

[Event "*** Titled Tuesday Blitz"]
[Site "Chess.com"]
[Date "2020.05.12"]
[Round "6"]
[White "stolencandy13"]
[Black "GMHess"]
[Result "1-0"]
[WhiteElo "2525"]
[BlackElo "2790"]
[TimeControl "180+1"]
[EndTime "11:06:03 PDT"]
[Termination "stolencandy13 won by resignation"]

1. e4 g6 2. d4 Bg7 3. Nc3 a6 4.
f4 e6 5. Nf3 Ne7 6. a4 d5 7. e5 b6 8. Be3 Nf5 9. Bf2 h5 10. a5 b5 11. Bd3 Bf8 12. O-O Nc6 13.
Ne2 Bb4 14. c3 Bxa5 15. Bxb5 axb5 16. b4 Bd7 17. bxa5 Nxa5 18. Qd3 Nc4 19. Rfb1 O-O 20. Nc1 Na3 21. Rb2 Ra4 22. Rba2 Nc4 23. Nb3 Bc6 24. h3 Qa8 25. Qc2 Qb8 26. Nc5 Rxa2 27. Rxa2 Qb6 28. Ra6 Ra8 29. Rxb6 cxb6 30. Nd3 Ra1+ 31. Kh2 Nce3 32.
Bxe3 Nxe3 33. Qb2 Ra4 34. Nb4 Nc4 35. Qc1 Bd7 36. g4 hxg4 37. hxg4 Kf8 38. Nh4 Ke7 39.
f5 gxf5 40. gxf5 exf5 41. Nxd5+ Kd8 42. Qg5+ Kc8 43. Qg8+ Kb7 44. Qxf7 Ra2+ 45. Kg3 1-0

[Event "*** Titled Tuesday Blitz"]
[Site "Chess.com"]
[Date "2020.05.12"]
[Round "6"]
[White "pollo2016"]
[Black "Berant"]
[Result "1-0"]
[WhiteElo "2561"]
[BlackElo "2374"]
[TimeControl "180+1"]
[EndTime "11:06:03 PDT"]
[Termination "pollo2016 won on time"]

1. d4 Nf6 2. c4 e6 3. Nc3 d5 4. cxd5 Nxd5 5. e4 Nxc3 6. bxc3 c5 7. Rb1 cxd4 8. cxd4 Be7 9. Nf3 O-O 10. Bd3 b6 11.
O-O Ba6 12. Bxa6 Nxa6 13. Qa4 Nc7 14. Rd1 Qe8 15. Qb3 Rc8 16. Bf4 Bf6 17. d5 exd5 18. exd5 Qe4 19. Bg3 Na6 20. Qa3 Nc5 21. Qxa7 Na4 22.
Re1 Qc4 23. Bd6 Rfd8 24. Rb4 Qxd5 25. Qxa4 Qxd6 26. Rbe4 h6 27. h3 Rd7 28. Qb3 Rdc7 29.
Rd1 Kh7 30. Rxd6 Rc1+ 31. Re1 1-0

[Event "*** Titled Tuesday Blitz"]
[Site "Chess.com"]
[Date "2020.05.12"]
[Round "6"]
[White "ZverevLev"]
[Black "rpragchess"]
[Result "0-1"]
[WhiteElo "2117"]
[BlackElo "2868"]
[TimeControl "180+1"]
[EndTime "11:06:03 PDT"]
[Termination "rpragchess won on time"]

1. e4 c5 2. Nf3 e6 3. d4 cxd4 4. Nxd4 a6 5. Bd3 Bc5 6. Nb3 Be7 7. Qg4 g6 8. O-O d6 9. Qg3 Nc6 10. f4 h5 11. Kh1 Qc7 12. Nc3 Bd7 13. a3 Nf6 14. h3 h4 15. Qf2 Nh5 16. Ne2 e5 17.
Kg1 Be6 18. c4 exf4 19. Nxf4 Nxf4 20. Bxf4 Ne5 21. Bxe5 dxe5 22. Rac1 a5 23. Kh1 a4 24. Nd2 O-O-O 25. Qe2 Bg5 26. c5 Rxd3 27. Qxd3 Rd8 28. Qf3 Rxd2 29. Rfd1 Rxb2 30. Rc3 Rb3 31. Rxb3 axb3 32.
Qc3 Qc6 33. Qb4 Be7 34. Qa5 Qa6 35. Qb4 Qe2 0-1

[Event "*** Titled Tuesday Blitz"]
[Site "Chess.com"]
[Date "2020.05.12"]
[Round "6"]
[White "ama18"]
[Black "MusicCityMaster"]
[Result "0-1"]
[WhiteElo "2491"]
[BlackElo "2327"]
[TimeControl "180+1"]
[EndTime "11:06:03 PDT"]
[Termination "MusicCityMaster won on time"]

1. e4 c5 2. Nf3 d6 3. d4 cxd4 4. Nxd4 Nf6 5. Nc3 a6 6. h3 e6 7.
g4 d5 8. Bg2 Bb4 9. O-O Bxc3 10. bxc3 Nxe4 11. c4 O-O 12. cxd5 exd5 13. c4 Re8 14.
cxd5 Qxd5 15. Re1 Nc6 16. Nxc6 bxc6 17. Bf4 Bb7 18. Qc2 f5 19. Rad1 Qf7 20. gxf5 Qxf5 21. Be3 c5 22. Qc4+ Kh8 23. Re2 Rac8 24. Rde1 Nd6 25.
Qg4 Bxg2 26. Kxg2 Qd5+ 27. Qf3 Ne4 28. Bf4 Qf7 0-1

[Event "*** Titled Tuesday Blitz"]
[Site "Chess.com"]
[Date "2020.05.12"]
[Round "6"]
[White "TigranMukhutdinov"]
[Black "zala02"]
[Result "1-0"]
[WhiteElo "2431"]
[BlackElo "2261"]
[TimeControl "180+1"]
[EndTime "11:06:03 PDT"]
[Termination "TigranMukhutdinov won by resignation"]

1. Nf3 d5 2. g3 Bg4 3. Bg2 c6 4. O-O Nd7 5. d4 Ngf6 6. Nbd2 e6 7. Re1 Be7 8. e4 dxe4 9. Nxe4 Nxe4 10. Rxe4 Nf6 11.
Re1 O-O 12. c3 c5 13. dxc5 Bxc5 14. Be3 Bxe3 15. Rxe3 Qb6 16. Qb3 Nd5 17. Ree1 Rfd8 18. Ne5 Bf5 19. Qxb6 axb6 20. a3 Rac8 21. Rad1 Bc2 22.
Rd2 Bb3 23. f4 h6 24. Nd3 Nf6 25. Bf1 Rd7 26. Rf2 Rcd8 27. Ne5 Rd2 28. Rxd2 Rxd2 29. Re2 Rxe2 30. Bxe2 Nd5 31. Nd7 Ba4 32. Ne5 Kf8 33. c4 Nf6 34. Bf3 Ke7 35. Bxb7 Bb3 36. Kf2 Kd6 37. Bf3 Ke7 38. Ke3 Nd7 39. Nxd7 Kxd7 40. Kd3 Kd6 41. Kc3 Ba4 42. b3 Bd7 43. Kd4 f6 44. b4 e5+ 45. fxe5+ fxe5+ 46. Kc3 Bf5 47. a4 g5 48. b5 Kc5 49. Bd5 h5 50. Kb3 h4 51. gxh4 gxh4 52. a5 bxa5 53. Ka4 Bd3 54. Kxa5 e4 55. b6 e3 56. Bf3 Be4 57. Be2 Bc6 58. Ka6 Kd4 59. b7 Bxb7+ 60. Kxb7 Kc3 61. c5 Kd2 62. Bh5 e2 63. Bxe2 Kxe2 64.
c6 Kf2 65. c7 Kg2 66. c8=Q Kxh2 67. Qc2+ Kg3 68. Qd3+ Kg2 69. Qe2+ Kg3 70. Qf1 Kh2 71.
Qf2+ Kh3 72. Qf3+ Kh2 73. Qg4 h3 74. Kc6 Kh1 75. Qxh3+ 1-0